 Dungeon Crawl Stone Soup version 0.26-a0-1033-gd598b01645 (webtiles) character file.

Game seed: 16873932187585678983

47 PentaManta the Ruffian (level 3, 36/36 HPs)
             Began as a Troll Berserker on Dec 10, 2020.
             Was a Believer of Trog.
             Got out of the dungeon alive.
             The game lasted 00:02:20 (1199 turns).

PentaManta the Ruffian (Troll Berserker)            Turns: 1199, Time: 00:02:20

Health: 36/36      AC:  6    Str: 25    XL:     3   Next: 48%
Magic:  2/2        EV:  7    Int:  4    God:    Trog [**....]
Gold:   34         SH:  8    Dex:  9    Spells: 2/2 levels left

rFire    . . .     SeeInvis .     - Unarmed
rCold    + . .     Faith    .   g - +0 kite shield
rNeg     . . .     Spirit   .   a - +0 animal skin
rPois    .         Reflect  .   (helmet restricted)
rElec    .         Harm     .   (no cloak)
rCorr    .         Rampage  .   (gloves unavailable)
Will     .....                  (boots unavailable)
Stlth    +.........             (no amulet)
HPRegen  0.52/turn              e - ring of protection from cold
MPRegen  0.08/turn              (no ring)

@: no status effects
A: large, unfitting armour, claws 3, regeneration 1, shaggy fur 1, tough skin 3
a: Berserk, Trog's Hand, Renounce Religion


You escaped.
You worshipped Trog.
Trog was pleased with you.
You visited 1 branch of the dungeon, and saw 2 of its levels.

You collected 34 gold pieces.

Inventory:

Armour
 a - a +0 animal skin (worn)
 g - a +0 kite shield (worn)
Jewellery
 e - a ring of protection from cold (left claw)
Scrolls
 b - a scroll of teleportation {unknown}
 f - 3 scrolls of identify {unknown}
 i - 2 scrolls of enchant armour {unknown}
 j - a scroll of remove curse {unknown}
Potions
 c - 2 potions of curing {unknown}
 d - a potion of might {unknown}
 h - a potion of resistance


   Skills:
 - Level 2.4 Fighting
 - Level 2.4 Dodging
 + Level 1.0 Shields
 + Level 4.2 Unarmed Combat


You had 2 spell levels left.
You didn't know any spells.
Your spell library was empty.

Dungeon Overview and Level Annotations

Branches:
Dungeon (2/15)

Altars:
Trog


Innate Abilities, Weirdness & Mutations

You are too large for most types of armour.
You have claws for hands.
Your natural rate of healing is unusually fast.
You are covered in fur. (AC +1)
You have extremely tough skin. (AC +3)


Message History

No target in view!
You see here a worm corpse.
You see here a worm corpse.
You see here a worm corpse.
A rat is nearby!
You can't go up here!
You completely miss the rat. The rat barely misses you.
You block the rat's attack.
You claw the rat!
You kill the rat!
Trog accepts your kill.
You see here a rat corpse.
There is a stone staircase leading up here.
You climb upwards.
There is a stone staircase leading down here.
There is an open door here.
There is an open door here.
There is a staircase leading out of the dungeon here.
Are you sure you want to leave the Dungeon?
This will make you lose the game!
You have escaped!

........#################....#...
.......## ###.......### ##...#...
####..## ##...........## ##..#...
####..# ##....##'##....## #..##..
......# #...####.####...# #..##..
###..####..##.......##..####.##..
#..# #...#§.≈≈≈≈≈..#...# #.##..
#..# #..##§≈§...≈≈.##..# #.##..
#..# #..##.§§.@.§≈.##..# #.####
#..# #..##.§≈...≈≈§##..# #.# #..#
#...#..§≈.≈≈..#...# #.#
#..####..##.......##..####.##
#...# #...#########...# #...#
#...# ##....#####....## #...###
#...## ##...........## ##......
##...## ###.......### ##....###
#....########.########.....#


There were no monsters in sight!

Vanquished Creatures
  5 worms (D:2)
  6 bats (D:2)
  A giant cockroach (D:1)
  2 goblins
  7 hobgoblins
  4 kobolds
  8 rats
33 creatures vanquished.

Notes
Turn   | Place    | Note
-------+----------+-------------------------------------------
     0 | D:1      | PentaManta the Troll Berserker began the quest for the Orb.
     0 | D:1      | Reached XP level 1. HP: 22/22 MP: 0/0
   474 | D:1      | Reached XP level 2. HP: 29/29 MP: 1/1
   673 | D:2      | Reached skill level 4 in Unarmed Combat
   912 | D:2      | Reached ** piety under Trog
   929 | D:2      | Reached XP level 3. HP: 28/36 MP: 2/2
  1045 | D:2      | Noticed a moth of wrath
  1048 | D:2      | Found a bloodstained altar of Trog.
  1071 | D:2      | Reached skill level 1 in Shields
  1199 | D:$      | Got out of the dungeon alive.

Illustrated notes

Levels and vault maps discovered:
D:1:      dpeg_arrival_concentric_ovals, layout_basic
D:2:      layout_loops_ring, tgw_trog, minmay_3d_cube

Skill      XL: |  1  2  3 |
---------------+----------+-----
Unarmed Combat | 4 |  4.2
Shields        | 1 |  1.0
Fighting       | |  2.4
Dodging        | |  2.4

Action                   || total
-------------------------++-------
Melee: Unarmed           ||    91
Armor: Animal skin       ||    37
Dodge: Dodged            ||    34
Block: Kite shield       ||    18

Table legend: (Time is in decaauts)
 A = Elapsed time spent in this place.
 B = Non-inter-level travel time spent in this place.
 C = Inter-level travel time spent in this place.
 D = Time resting spent in this place.
 E = Time spent auto-exploring this place.
 F = Levels seen in this place.
 G = Mean time per level.
                   A        B        C        D        E       F      G
               +--------+--------+--------+--------+--------+-----+--------+
         Total |   1197 |   1086 |    111 |      4 |    859 |   2 |  598.5 |
       Dungeon |   1197 |   1086 |    111 |      4 |    859 |   2 |  598.5 |
               +--------+--------+--------+--------+--------+-----+--------+

Top non-repeatable levels by time:
     D:1: 721 daAuts
     D:2: 476 daAuts
